Cogmind - Beta 13 @@@ ROGUE MODE // 2024.06.12 @ 21:27:08 Player: JackZewap Result: Destroyed by GY-BS6(R) with Subdweller Shrapnel Launcher Performance ------------- Evolutions (0) 0 Regions Visited (3) 600 Robots Destroyed (23) 115 Value Destroyed (524) 524 Prototype IDs (10) 200 Alien Tech Used (0) 0 Bonus (0) 0 TOTAL SCORE: 1439 Bonus ------- None Cogmind --------- Core Integrity 0/250 Matter 171/300 Energy 200/200 System Corruption 0% Temperature Cool (0) Movement Rolling (100) Location -10/Subcaves Parts ------- > --- POWER (1) -------- Subdweller Power Source > --- PROPULSION (2) --- Compact Wheel Compact Wheel > --- UTILITY (2) ------ Medium Storage Unit Signal Interpreter > --- WEAPON (2) ------- Battle Rifle > --- INVENTORY (10) --- Flightbrick Disposable Heat Sink High-capacity Storage Unit Compact Matter Pod (150) Visual Processing Unit Light Armor Plating Makeshift Thermal Plating Peak State ------------ > --- POWER ------------ Subdweller Power Source > --- PROPULSION ------- Compact Wheel Compact Wheel > --- UTILITY ---------- Medium Storage Unit Signal Interpreter > --- WEAPON ----------- Battle Rifle Barrage Gun > --- INVENTORY -------- Flightbrick Disposable Heat Sink High-capacity Storage Unit Compact Matter Pod Visual Processing Unit Light Armor Plating Makeshift Thermal Plating [Rating: 15] Favorites ----------- Power Light Ion Engine Engine Light Ion Engine Propulsion Light Treads Treads Light Treads Wheel Compact Wheel Utility Medium Storage Unit Storage Medium Storage Unit Processor Signal Interpreter Weapon Assault Rifle Energy Gun Particle Gun Energy Cannon Subdweller Beam Cannon Ballistic Gun Assault Rifle Ballistic Cannon Light Cannon Build | -11 -10 -10 -10 ------- Run | Yrd Mat Min Sub Slots Evolved . | . . . . Power . | . . . . Propulsion . | . . . . Utility . | . . . . Weapon . | . . . . Parts Attached 27 | 5 6 2 14 Power 3 | 1 . . 2 Engine 3 | 1 . . 2 Core . | . . . . Reactor . | . . . . Propulsion 5 | 2 . . 3 Treads 3 | 2 . . 1 Leg . | . . . . Wheel 2 | . . . 2 Hover . | . . . . Flight . | . . . . Utility 5 | . 5 . . Device . | . . . . Storage 3 | . 3 . . Processor 2 | . 2 . . Hackware . | . . . . Protection . | . . . . Artifact . | . . . . Weapon 14 | 2 1 2 9 Energy Gun 4 | . . 1 3 Energy Cannon 1 | . . . 1 Ballistic Gun 8 | 2 . 1 5 Ballistic Cannon 1 | . 1 . . Launcher . | . . . . Special Weapon . | . . . . Impact Weapon . | . . . . Slashing Weapon . | . . . . Piercing Weapon . | . . . . Special Melee Weapon . | . . . . Unidentified Prototypes . | . . . . Parts Lost 4 | . . . 4 Power 1 | . . . 1 Propulsion 2 | . . . 2 Utility . | . . . . Weapon 1 | . . . 1 Highest Loss Streak 2 | . . . 2 To Critical Strikes . | . . . . Average Slot Usage (%) 92 | . 92 100 88 Engine 10 | . 14 14 5 Treads 24 | . 28 28 20 Wheel 2 | . . . 5 Storage 13 | . 10 14 14 Processor 13 | . 10 14 14 Energy Gun 7 | . . 13 6 Energy Cannon 1 | . . . 3 Ballistic Gun 16 | . 17 14 17 Ballistic Cannon 2 | . 10 . . Naked Turns . | . . . . Heaviest Build 27 | 7 18 18 27 Greatest Support 40 | 40 40 40 40 Greatest Overweight (x) . | . . . . Average Overweight (x) . | . . . . Largest Inventory Capacity 10 | 5 10 10 10 Average Capacity 9 | 5 8 10 10 Most Carried 10 | 4 10 10 10 Average Carried 8 | 2 6 9 9 Final Capacity 10 | 5 10 10 10 Final Carried 10 | 4 9 10 10 Class Distribution -------------------- 100% | Mutant Dominant Class ---------------- Mutant | -10/Materials Mutant | -10/Mines Mutant | -10/Subcaves Resources | -11 -10 -10 -10 ----------- Run | Yrd Mat Min Sub Matter Collected 849 | 170 231 280 168 Remotely . | . . . . Salvage Created 620 | . 213 250 157 Parts 49 | . 19 16 14 Haulers Intercepted 1 | . 1 . . Recyclers Shooed . | . . . . Parts Field Recycled . | . . . . Retrieved Matter . | . . . . Parts Self-Destructed 17 | . . . 17 Prevented . | . . . . Kills | -11 -10 -10 -10 ------- Run | Yrd Mat Min Sub Combat Hostiles Destroyed 18 | . 6 7 5 Guns 12 | . 2 5 5 Cannons 6 | . 4 2 . Classes Destroyed 6 | . 4 1 1 Worker 1 | . . 1 . Hauler 1 | . 1 . . Watcher 3 | . 3 . . Swarmer 9 | . 4 3 2 Grunt 6 | . 2 4 . Subdweller 3 | . . . 3 Best Kill Streak 4 | . 4 3 2 Combat Bots Only 4 | . 4 3 2 Max Kills in Single Turn 2 | . 1 2 1 Gunslinging 1 | . . 1 . Exploded . | . . . . Melee . | . . . . Uniques/NPCs Destroyed . | . . . . Combat | -11 -10 -10 -10 -------- Run | Yrd Mat Min Sub Hostile Shots Fired 102 | . 34 27 41 Missed 30 | . 10 8 12 Damage Taken 1159 | . 226 190 743 Core 290 | . 15 45 230 Absorbed by Shields . | . . . . Core Remaining (%) 100 | 100 . . . Volleys Fired 92 | . 25 15 52 Largest 2 | . 2 2 2 Hottest 140 | . 55 85 140 Shots Fired 157 | . 50 30 77 Gun 125 | . 28 24 73 Cannon 32 | . 22 6 4 Launcher . | . . . . Special . | . . . . Kinetic 127 | . 50 21 56 Thermal 30 | . . 9 21 Explosive . | . . . . Electromagnetic . | . . . . Robot Hit Streak 13 | . 6 13 8 Robot Miss Streak 8 | . 8 2 3 Penetration Max . | . . . . Secondary Targets 4 | . . 3 1 Max Gunslinging Chain 1 | . . 1 1 Shots Hit Robots 85 | . 23 25 37 Core Hits 34 | . 12 11 11 Critical Kills . | . . . . Critical Parts Destroyed . | . . . . Critical Strikes 2 | . . 1 1 Destroy 1 | . . . 1 Blast 1 | . . 1 . Melee Attacks . | . . . . Impact . | . . . . Slashing . | . . . . Piercing . | . . . . Sneak Attacks . | . . . . Combat Hostiles . | . . . . Follow-up Attacks . | . . . . Damage Inflicted 1303 | . 363 367 573 Guns 912 | . 160 268 484 Cannons 379 | . 201 99 79 Explosions . | . . . . Melee . | . . . . Ramming 12 | . 2 . 10 Kinetic 873 | . 361 250 262 Thermal 418 | . . 117 301 Explosive . | . . . . Electromagnetic . | . . . . Impact . | . . . . Slashing . | . . . . Piercing . | . . . . Highest Corruption . | . . . . Average Corruption . | . . . . Corruption Purged . | . . . . Corruption Blocked . | . . . . Overload Shots . | . . . . Overflow Damage . | . . . . Projectiles . | . . . . Explosions . | . . . . Melee . | . . . . Knockbacks 4 | . 2 2 . Impact . | . . . . Kinetic 4 | . 2 2 . Secondary . | . . . . Self-Inflicted Damage . | . . . . Shots . | . . . . Rammed 2 | . 1 . 1 Targets Rammed 2 | . 1 . 1 Kicked . | . . . . Crushed . | . . . . Highest Temperature 120 | . 12 120 9 Average Temperature 24 | . 7 39 3 Received Heat Transfer 141 | . 36 57 48 Siege Activations . | . . . . Robots Corrupted . | . . . . Combat Hostiles . | . . . . Parts Fried . | . . . . Impact Corruptions . | . . . . Robots Melted . | . . . . Combat Hostiles . | . . . . Parts Melted . | . . . . Heat Transferred 742 | . . 259 483 Parts Sabotaged . | . . . . Parts Stolen . | . . . . Parts Stripped . | . . . . Power Chain Reactions . | . . . . Alert | -11 -10 -10 -10 ------- Run | Yrd Mat Min Sub Peak Influence 171 | . 171 70 . Initial 7 | . . 7 . Average 60 | . 74 52 . Maximum Alert Level . | . . . . Low Security (%) 100 | 100 100 100 . Level 1 . | . . . . Level 2 . | . . . . Level 3 . | . . . . Level 4 . | . . . . Level 5 . | . . . . High Security . | . . . . Max Security . | . . . . Squads Dispatched . | . . . . Investigation . | . . . . Extermination . | . . . . Reinforcement . | . . . . Assault . | . . . . Garrison . | . . . . Intercept . | . . . . Searches Triggered . | . . . . Construction Impeded . | . . . . Haulers Reinforced . | . . . . Active Scanning Responses . | . . . . Cargo Convoy Interrupts . | . . . . Stealth | -11 -10 -10 -10 --------- Run | Yrd Mat Min Sub Distress Signals 2 | . 2 . . Communications Jammed . | . . . . Distress Signals . | . . . . Times Spotted 26 | . 11 7 8 Peak Tracking Total 3 | . 3 3 3 Tactical Retreats 3 | . 3 . . Traps | -11 -10 -10 -10 ------- Run | Yrd Mat Min Sub Traps Triggered 1 | . . . 1 Indirectly . | . . . . Trap Hack Attempts . | . . . . Triggered . | . . . . Disarmed . | . . . . Reprogrammed . | . . . . Reused . | . . . . Traps Extracted . | . . . . Installed . | . . . . Triggered . | . . . . Machines | -11 -10 -10 -10 ---------- Run | Yrd Mat Min Sub Machines Disabled 3 | . 2 . 1 Max in Single Turn 1 | . 1 . 1 Machines Repaired . | . . . . Machines Dismantled . | . . . . Machines Sabotaged . | . . . . Overloaded Fab Kills . | . . . . Hacking | -11 -10 -10 -10 --------- Run | Yrd Mat Min Sub Machines Accessed 5 | . 4 . 1 Terminals 3 | . 3 . . Fabricators . | . . . . Repair Stations . | . . . . Recycling Units 1 | . 1 . . Scanalyzers . | . . . . Garrison Access . | . . . . Total Hacks 22 | . 13 . 9 Successful 17 | . 8 . 9 Failed 4 | . 4 . . Catastrophic . | . . . . Database Lockouts 1 | . 1 . . Manual 8 | . 8 . . Terminals 11 | . 11 . . Fabricators . | . . . . Repair Stations . | . . . . Recycling Units 2 | . 2 . . Scanalyzers . | . . . . Garrison Access . | . . . . Terminal Hacks 13 | . 4 . 9 Record 8 | . . . 8 Robot Analysis 1 | . 1 . . Branch Access Points 1 | . 1 . . Transport Status 1 | . 1 . . Hauler Manifests 1 | . 1 . . Derelict Proto ID Bank 1 | . . . 1 Fabricator Hacks . | . . . . Repair Station Hacks . | . . . . Recycling Unit Hacks . | . . . . Scanalyzer . | . . . . Garrison Access Hacks . | . . . . Unauthorized Hacks 4 | . 4 . . Terminals 3 | . 3 . . Botnet 3 | . 3 . . Fabricators . | . . . . Repair Stations . | . . . . Recycling Units 1 | . 1 . . Reject 1 | . 1 . . Scanalyzers . | . . . . Garrison Access . | . . . . Data Cores Recovered . | . . . . Used . | . . . . Hacking Detections 3 | . 3 . . Full Trace Events . | . . . . Feedback Events . | . . . . Feedback Blocked . | . . . . Robot Schematics Acquired . | . . . . Robots Built . | . . . . Authchips . | . . . . Time . | . . . . Total Robot Build Rating . | . . . . Part Schematics Acquired . | . . . . Parts Built . | . . . . Authchips . | . . . . Time . | . . . . Total Part Build Rating . | . . . . Parts Repaired . | . . . . Time . | . . . . Parts Recycled . | . . . . Recycled Matter . | . . . . Retrieved Matter . | . . . . Retrieved Components . | . . . . Parts Scanalyzed . | . . . . Part Schematics Acquired . | . . . . Parts Damaged . | . . . . Bothacking | -11 -10 -10 -10 ------------ Run | Yrd Mat Min Sub Used RIF Installer . | . . . . Robots Hacked . | . . . . Non-combat . | . . . . Combat . | . . . . Robot Hacks Applied . | . . . . Relay Couplers Released . | . . . . Fabnet Peak Effective % . | . . . . Robots Rewired . | . . . . Allies Hacked . | . . . . Hacks Repelled . | . . . . Allies | -11 -10 -10 -10 -------- Run | Yrd Mat Min Sub Total Allies . | . . . . Largest Group . | . . . . Highest-Rated Group . | . . . . Highest-Rated Ally . | . . . . Total Orders . | . . . . Ally Attacks . | . . . . Total Damage . | . . . . Kills . | . . . . Allies Corrupted . | . . . . Allies Melted . | . . . . Intel | -11 -10 -10 -10 ------- Run | Yrd Mat Min Sub Robot Analysis Total 1 | . 1 . . Derelict Logs Recovered 2 | . . 2 . Drone Launches . | . . . . Drone Recoveries . | . . . . Exploration | -11 -10 -10 -10 ------------- Run | Yrd Mat Min Sub Turns Passed 3941 | 77 927 1269 1668 Spaces Moved 2202 | 46 396 753 1007 Core 6 | 6 . . . Treads 1942 | 40 396 753 753 Legs . | . . . . Wheels 254 | . . . 254 Hover . | . . . . Flight . | . . . . Fastest Speed 50 | 50 160 160 100 Average Speed 152 | 145 160 160 144 Slowest Speed 160 | 160 160 160 160 Overloaded Moves . | . . . . Propulsion Burnouts . | . . . . Robots Hopped . | . . . . Cave-ins Triggered . | . . . . Exploration Rate (%) 51 | 4 42 99 62 Regions Visited 3 Branch Regions 2 Pre-discovered Areas 3 | . . 2 1 Known Exits Taken 2 | . 1 1 . Unknown Exits Taken 1 | 1 . . . Scrap Searched 10 | . . 2 8 Spaces Dug . | . . . . Terrain Destroyed . | . . . . Melee . | . . . . Projectile . | . . . . AOE . | . . . . Terrain Rammed . | . . . . Walls Destroyed . | . . . . Machines Disabled . | . . . . Actions | -11 -10 -10 -10 --------- Run | Yrd Mat Min Sub Total 2634 | 54 639 791 1150 Wait 265 | . 199 14 52 Move 2199 | 45 395 752 1007 Hop . | . . . . Pick Up 22 | 4 9 3 6 Fast Attach 14 | 5 . 1 8 Attach 6 | . 3 . 3 Detach 3 | . 1 1 1 Swap 7 | . 3 1 3 Drop 24 | . 3 4 17 Fire 92 | . 25 15 52 Melee . | . . . . Ram . | . . . . Kick . | . . . . Crush 2 | . 1 . 1 Escape Stasis . | . . . . Rewire . | . . . . Trap . | . . . . Miscellaneous . | . . . . Route ------- -11/Scrapyard -10/Materials (discovered 3 exits: *Mat / *Min x2) -10/Mines (discovered 4 exits: *Mat x2 / *Exi / *Sub) -10/Subcaves History --------- Turn | Location | Event 16 | -11/Scrapyard | Discovered new exit (range 16) 78 | -11/Scrapyard | Entered Materials 307 | -10/Materials | Build established: Mutant 560 | -10/Materials | Central database locked down 570 | -10/Materials | Identified exit to Mines 721 | -10/Materials | Discovered new exit (range 4) 1005 | -10/Materials | Entered Mines 1432 | -10/Mines | Discovered new exit (range 11) 1448 | -10/Mines | Identified exit to Materials 1499 | -10/Mines | Learned location of Zion (-7) 1567 | -10/Mines | Deemed a non-threat by the Exiles lab entrance 1570 | -10/Mines | Discovered new exit (range 5) 1575 | -10/Mines | Identified exit to Exiles 1813 | -10/Mines | Discovered exit to Materials (range 10) 1913 | -10/Mines | Learned location of Mines (-9) 1999 | -10/Mines | Discovered new exit (range 6) 2005 | -10/Mines | Identified exit to Subcaves 2274 | -10/Mines | Entered Subcaves 2617 | -10/Subcaves | Met a Zionite searching for "candidates" 2802 | -10/Subcaves | Disturbed a concealed Subdweller 3196 | -10/Subcaves | A swath of the cavern ceiling suddenly collapsed 3655 | -10/Subcaves | Visited 4L-MR0's lab 3676 | -10/Subcaves | Found Flightbrick 3811 | -10/Subcaves | Shifting Twisted Machinery released Battle Rifle 3834 | -10/Subcaves | Shifting Twisted Machinery released Battle Rifle 3933 | -10/Subcaves | Ambushed by Subdwellers from Twisted Machinery 3935 | -10/Subcaves | Core integrity fell below 50% 3938 | -10/Subcaves | Ambushed by Subdweller buried in earth 3939 | -10/Subcaves | Core integrity fell below 20% 3942 | -10/Subcaves | Destroyed by GY-BS6(R) with Subdweller Shrapnel Launcher Last Messages --------------- that's where things went wrong. Still I'm glad they didn't listen, that way I'm not culpable for whatever they would've done with it. If we're lucky even some of the others got blasted, too. 03663_ 4L-MR0 mumbles to no one in particular: "Damn Subs sneaking around stealing my stuff." 03670_ Testing Chamber breached. 03674_ Dropped Battle Cannon. 03675_ Dropped Scrap Shield. 03676_ Acquired Flightbrick. 03683_ 4L-MR0 mumbles: "I'm surprised some of them are even willing to come in here given their fear of my usual visitors." 03691_ Acquired 20 matter. Battle Rifle falls loose from the Twisted Machinery. 03832_ Dropped Lgt. Assault Rifle. Battle Rifle falls loose from the Twisted Machinery. 03910_ F0-4QV(R) suffers critical hit (Destroy). 03922_ F0-4QV(R) destroyed. 03933_ IP-BCC(R) emerges from the Twisted Machinery. 03939_ 4M-2DY(R): "ARGHSUB!" 03940_ Barrage Gun destroyed. Map ----- +----------------------------------------------------+ | ##????????????????????????????????????????????? | | #????????????????????????????????????????????? | | ##????????????????????????????????????????????? | | ##????????????????????????????????????????????? | | #????????????????????????????????????????????? | | ######???????????????????????????????????????? | | # ##??????????????????????????????????????? | | # #####??????????????????????????????????? | | [ ###????????????????????????????????? | | [### "#"# ###??????????????????????????????? | | ##?# ""### #??????????????????????????????? | | ##??#" "##"""[ #??????????????????????????????? | | ###??#"""######" #??????????????????????????????? | | ##"#?## ### #?#"" #??????????????????????????????? | | ?#" #?#### ###" ##?????????????????????????????? | | ###" #### ###" ##????????????????????????????? | | """" ## ### " #????????????????????????????? | | """" "" """##????????????????????????????? | | ?#"" """##?????????????????????????????? | | ?#"" " ## ###???#########??????????????????? | | ?#"" """ ###???### ####???????????????? | | ?#""" " #?????# ;#???????????????? | | """ " ##????# R ;#### ?????????? | | """"" "" ###### ; "?????????? | | ###""" "## ## R"????????? | | ??##"" ## @ R ????????? | | ???#""" "" & ; #?????????????? | | ???#"""" "" ## ; ###?????????????? | | ???#"""" ###########; ; ;#??????????????? | | ????? ""#??????????###; ####??????????????? | | ????## #?????????????## #?????????????????? | | ?????###???????????????[ ????????????????? | | ???????????????????????! % ???????????????? | | ??????????????????????? ### ??????????????? | | ?????????????????????? ??? % ##?????????????? | | ?????????????????????? ??? #??????????????? | | ?????????????????????? ???# #??????????????? | | ?????????????????????? ????# #??????????????? | | ????????????????????? ?????# ????????????????? | | ????????????????????? ??????????????????????????? | | ?????????????????????????????????????????????????? | | ?????????????????????????????????????????????????? | | ?????????????????????????????????????????????????? | | ?????????????????????????????????????????????????? | | ?????????????????????????????????????????????????? | | ?????????????????????????????????????????????????? | | ?????????????????????????????????????????????????? | | ?????????????????????????????????????????????????? | | ?????????????????????????????????????????????????? | | ?????????????????????????????????????????????????? | +----------------------------------------------------+ Best States ------------- Heat Dissipation 25 Energy Generation 15 Energy Capacity 200 Matter Stores 300 Matter Capacity 300 Sight Range 18 Terrain Scan Density 10 Evasion (%) 40 Recoil Reduction 2 Item Schematics ----------------- None Robot Schematics ------------------ None Fabricated ------------ Nothing Alien Tech Used ----------------- None Achievements -------------- None Challenges ------------ None Game ------ Seed GlidesysCoreRifle Manual? 0 Play Time 00:22:57 Cumulative 81.0 hours Start 2024.06.12 @ 21:07:21 End 2024.06.12 @ 21:27:08 Sessions 1 Manual Loads 0 Difficulty Rogue Special Mode None Game No. 90 Rogue 84 Adventurer 6 Explorer 0 Win Type - Total 0 Types 0/0/0/0/0/0/0/0/0 Lore% 35 Gallery% 50 Achievement% 37 Wizard Run 0 Options --------- Layout 0 ASCII 0 Keyboard 1 Movement Numpad Keybinds 0 Fullscreen 0 Font 14/Smallcaps Map View 76x50 Zoom Use 0% Tactical HUD 1 Map Filters NONE Filters NONE Steam 1 RUN: a0538a5b-6ced-47f6-863e-c73bb8e30323